 Dungeon Crawl Stone Soup version 0.26.1-2-gb8aa6d0cf2 (webtiles) character file.

Game seed: 1351687152022230674

1715 Gadfly the Chopper (level 9, 0/66 HPs)
             Began as a Formicid Abyssal Knight on Feb 10, 2021.
             Was an Elder of Lugonu.
             Slain by an orc warrior
             ... wielding a +0 war axe
              (19 damage)
             ... on level 7 of the Dungeon.
             The game lasted 00:13:19 (8677 turns).

Gadfly the Chopper (Formicid Abyssal Knight)        Turns: 8677, Time: 00:13:19

Health: 0/66       AC: 14    Str: 18    XL:     9   Next: 24%
Magic:  13/13      EV:  6    Int: 13    God:    Lugonu [****..]
Gold:   274        SH:  0    Dex: 11    Spells: 8/8 levels left

rFire    . . .     SeeInvis +   b - +3 quarterstaff (chaos)
rCold    . . .     Faith    .   (no shield)
rNeg     . . .     Spirit   .   i - +0 plate armour
rPois    .         Reflect  .   (helmet unavailable)
rElec    .         Harm     .   k - +0 cloak
rCorr    .         Rampage  .   (no gloves)
Will     +....                  s - +0 pair of boots
Stlth    ..........             (no amulet)
HPRegen  0.21/turn              d - ring of willpower
MPRegen  0.13/turn              (no ring)

@: no status effects
A: permanent stasis, dig shafts and tunnels, four strong arms, antennae 3
a: Dig, Shaft Self, Renounce Religion, Depart the Abyss, Bend Space, Banish,
Corrupt


You were on level 7 of the Dungeon.
You worshipped Lugonu.
Lugonu was greatly pleased with you.
You visited 1 branch of the dungeon, and saw 7 of its levels.
You visited the Abyss 1 time.
You also visited: Sewer.

You collected 274 gold pieces.

Inventory:

Hand Weapons
 a - a +0 battleaxe
 b - a +3 quarterstaff of chaos (weapon)
 j - a +1 dagger of venom
 n - a +2 vampiric whip
Armour
 i - a +0 plate armour (worn)
 k - a +0 cloak (worn)
 s - a +0 pair of boots (worn)
Jewellery
 d - a ring of willpower (left hand)
Wands
 u - a wand of polymorph (9)
Scrolls
 c - 5 scrolls of remove curse
 e - 2 scrolls of enchant armour
 h - a scroll of enchant weapon
Potions
 f - 10 potions of curing
 g - a potion of brilliance {unknown}
 l - 6 potions of heal wounds
 m - a potion of lignification {unknown}
 t - a potion of ambrosia {unknown}


   Skills:
 + Level 4.5 Fighting
 * Level 6.2 Axes
 + Level 5.0 Armour
 - Level 0.8 Dodging
 + Level 5.2 Shields
 + Level 5.4 Invocations
 + Level 5.4 Evocations


You had 8 spell levels left.
You didn't know any spells.
Your spell library contained the following spells:

 Spells                   Type           Power        Failure   Level
 Corona                   Hex            0%           100%        1
 Ensorcelled Hibernation  Hex/Ice        0%           100%        2
 Confusing Touch          Hex            0%           100%        3
 Dazzling Flash           Conj/Hex       0%           100%        3
 Tukima's Dance           Hex            0%           100%        3


Dungeon Overview and Level Annotations

Branches:
Dungeon (7/15)              Sewer (visited)
 Temple: D:4-7

Altars:
Ashenzari
Cheibriados
Dithmenos
Elyvilon
Gozag
Nemelex Xobeh
Qazlal
Trog
Wu Jian
Xom
Zin
The Shining One


Innate Abilities, Weirdness & Mutations

You cannot be hasted, slowed, berserked, paralysed or teleported.
You can dig through walls and to a lower floor.
Your four strong arms can wield two-handed weapons with a shield.
You have a pair of large antennae on your head. (SInv)


Message History

The bullfrog barely misses you.
The orc hits you with a +0 morningstar of flaming!
The orc burns you.
The orc warrior hits you with a +0 war axe!
The bullfrog barely misses you.
You hit the bullfrog. You burn the bullfrog.
The bullfrog is moderately wounded.
The bullfrog hits you. The bullfrog hits you!
* * * LOW HITPOINT WARNING * * *
You closely miss the bullfrog.
The bullfrog is moderately wounded.
The bullfrog completely misses you.
The bullfrog hits you but does no damage.
You sock the bullfrog!
The bullfrog is poisoned.
The bullfrog is almost dead.
You kill the bullfrog!
Lugonu accepts your kill.
Your life force feels restored.
The orc warrior hits you with a +0 war axe!!
You die...

#.####...........#
#...###..........# .#..
###..##..........##.#.
##..................
#..o#..........#..#
#.#..#........#..#
#########.##............###
.........o##.o............#
{
.........####.o@(.........#
......[.$# #......†......#
{ .........#
#.......<.....# ...:......
...............#
.........######)..........#
.........# ###..##.....#
.........# .....######..
.........# ....... .##
....[. .


You could see an orc warrior and 2 orcs.

Vanquished Creatures
  Grinder (D:3)
  An ice beast (D:6)
  An orc warrior (D:6)
  An ogre (D:3)
  A necrophage (D:6)
  A centaur (D:5)
  Blork the orc (D:5)
  A bullfrog (D:7)
  2 big kobolds
  4 wights
  A centaur zombie (D:6)
  An orc priest (D:4)
  Crazy Yiuf (D:3)
  A jelly (D:6)
  4 orc wizards
  A killer bee zombie (D:5)
  6 worker ants
  A worker ant zombie (D:5)
  6 adders
  3 shadow imps
  An ufetubus (D:7)
  3 oozes
  3 adder skeletons
  3 worms
  6 dart slugs
  2 leopard geckos
  20 orcs
  6 bats
  6 giant cockroaches
  3 goblins
  A hobgoblin (D:1)
  11 jackals
  25 kobolds
  5 quokkas
  5 ball pythons
  7 frilled lizards
  15 rats
161 creatures vanquished.

Vanquished Creatures (collateral kills)
  An orc priest (D:4)
  An orc (D:4)
2 creatures vanquished.

Vanquished Creatures (others)
  5 dream sheep (D:6)
5 creatures vanquished.

Grand Total: 168 creatures vanquished

Notes
Turn   | Place    | Note
-------+----------+-------------------------------------------
     0 | Abyss:1  | Gadfly the Formicid Abyssal Knight began the quest for the
                  | Orb.
     0 | Abyss:1  | Reached XP level 1. HP: 18/18 MP: 2/2
    45 | D:1      | Escaped the Abyss
   166 | D:1      | Reached XP level 2. HP: 20/24 MP: 3/3
   474 | D:1      | Reached skill level 1 in Shields
   798 | D:1      | Reached skill level 1 in Evocations
   837 | D:1      | Reached XP level 3. HP: 29/29 MP: 4/4
  1610 | D:2      | Found an opulent altar of Gozag.
  1610 | D:2      | Found a sparkling altar of Nemelex Xobeh.
  1677 | D:2      | Found a shadowy altar of Dithmenos.
  1801 | D:2      | Reached ** piety under Lugonu
  1907 | D:2      | Found a white marble altar of Elyvilon.
  2428 | D:3      | Reached XP level 4. HP: 35/35 MP: 5/5
  2493 | D:3      | Reached XP level 5. HP: 18/41 MP: 7/7
  2673 | D:3      | Reached skill level 3 in Axes
  2750 | D:3      | Found a bloodstained altar of Trog.
  2772 | D:3      | Found a stormy altar of Qazlal.
  3035 | D:3      | Found a runed translucent door.
  3036 | D:3      | Noticed Crazy Yiuf
  3082 | D:3      | Noticed Grinder
  3115 | D:3      | Killed Grinder
  3116 | D:3      | Reached XP level 6. HP: 6/47 MP: 8/8
  3465 | D:3      | Killed Crazy Yiuf
  3466 | D:3      | Reached XP level 7. HP: 21/52 MP: 9/9
  3725 | D:3      | Reached skill level 4 in Axes
  3844 | D:3      | Reached *** piety under Lugonu
  3886 | D:4      | HP: 1/52 [quokka (2)]
  4733 | D:4      | Found a glowing silver altar of Zin.
  5029 | D:5      | Entered Level 5 of the Dungeon
  5106 | D:5      | Found a broken altar of Ashenzari.
  5278 | D:5      | Found a glowing drain.
  5294 | D:5      | Reached XP level 8. HP: 39/58 MP: 11/11
  5399 | Sewer    | Entered a sewer
  5741 | Sewer    | Reached skill level 5 in Axes
  5917 | Sewer    | Reached **** piety under Lugonu
  6515 | D:5      | Noticed Blork the orc
  6522 | D:5      | Killed Blork the orc
  6673 | D:5      | Found an ornate altar of the Wu Jian Council.
  6894 | D:6      | Found a snail-covered altar of Cheibriados.
  7112 | D:6      | Noticed a dream sheep
  7112 | D:6      | Noticed a dream sheep
  7112 | D:6      | Noticed a dream sheep
  7112 | D:6      | Noticed a dream sheep
  7112 | D:6      | Noticed a dream sheep
  7112 | D:6      | Found a shimmering altar of Xom.
  7116 | D:6      | Killed a dream sheep
  7116 | D:6      | Killed a dream sheep
  7116 | D:6      | Killed a dream sheep
  7116 | D:6      | Killed a dream sheep
  7120 | D:6      | Killed a dream sheep
  7138 | D:6      | Reached skill level 5 in Evocations
  7208 | D:5      | Reached skill level 5 in Invocations
  7666 | D:6      | Reached XP level 9. HP: 43/54 MP: 12/12
  8310 | D:6      | Reached skill level 6 in Axes
  8310 | D:6      | Reached skill level 5 in Shields
  8423 | D:6      | Found a glowing golden altar of the Shining One.
  8623 | D:7      | Reached skill level 5 in Armour
  8677 | D:7      | Slain by an orc warrior

Illustrated notes

Levels and vault maps discovered:
D:1:      lightli_arrival_flooded_house, layout_loops_ring
D:2:      layout_loops_corners, grunt_temple_overflow_opulence,
          lemuel_doored_altar, lemuel_crystal_altar
D:3:      layout_rooms, marbit_many_paths, lemuel_round_altar,
          uniq_crazy_yiuf_cottage, uniq_grinder
D:4:      layout_rooms, zin_academy
D:5:      layout_basic, nicolae_overflow_crystal_walls, ashenzari_altar_1,
          cheibrodos_sewer_entry_drain, serial_rivers,
          chequers_serial_rivers_marsh, chequers_serial_rivers_large_b,
          chequers_serial_rivers_small_a, chequers_serial_rivers_marsh,
          uniq_blork_the_orc
D:6:      layout_gridville, nicolae_overflow_hidden_temple, tso_oasis_becter,
          kb_xom_exploding_sheep, minmay_misc_feat_rows
D:7:      layout_rooms, lemuel_crystal_altar, minmay_temple_entry_hall

Skill      XL: |  1  2  3  4  5  6  7  8  9 |
---------------+----------------------------+-----
Shields        | 1 2 3 4 5 |  5.2
Evocations     | 1 2 3 4 5 |  5.4
Axes           | 3 4 5 6 |  6.2
Invocations    | 3 4 5 |  5.4
Armour         | 3 4 5 |  5.0
Fighting       | 4 |  4.5
Dodging        | |  0.8

Action                   |  1- 3 |  4- 6 |  7- 9 || total
-------------------------+-------+-------+-------++-------
Melee: Hand axe          |   124 |   119 |       ||   243
       Quarterstaff      |       |       |   306 ||   306
 Abil: Dig               |       |       |     2 ||     2
  Use: Scroll            |     6 |     1 |     7 ||    14
       Potion            |     1 |     2 |     5 ||     8
 Stab: Confused          |       |       |     1 ||     1
Armor: Leather armour    |    37 |       |       ||    37
       Scale mail        |     1 |    32 |       ||    33
       Chain mail        |       |    55 |    33 ||    88
       Plate armour      |       |       |   305 ||   305
Dodge: Dodged            |    87 |    53 |   112 ||   252
